[Event "SixDays Budapest IM-A 11-2024"]
[Site "Budapest"]
[Date "2024.11.22"]
[Round "1.2"]
[White "Nemeth, Zalan"]
[Black "Krishna C R G"]
[Result "0-1"]
[ECO "A53"]
[WhiteElo "2268"]
[BlackElo "2448"]
[Annotator "TA"]
[PlyCount "86"]
[EventDate "2024.11.20"]
[EventType "tourn"]
[EventCountry "HUN"]
[SourceTitle "playchess.com"]
[Source "ChessBase"]
[SourceQuality "1"]
[TimeControl "5400+30"]

1. d4 Nf6 2. c4 d6 3. Nf3 Nbd7 4. Nc3 e5 5. g3 c6 6. Bg2 Be7 7. O-O O-O 8. e4 a6 9. a4 a5 10. h3 Re8 11. Be3 exd4 12. Nxd4 Nc5 13. Qc2 Qc7 14. Rad1 Bd7 15. Rd2 Rad8 {[%emt 0:01:09] White is slightly better.} 16. Rfd1 Bc8 17. g4 g6 18. Bf4 Qb6 19. Nde2 (19. Bh6 $11) 19... Be6 $17 20. Bxd6 Rxd6 21. Rxd6 Bxc4 22. R1d4 Bxd6 23. Rxd6 Nfd7 {[%emt 0:00:31] Black is much more active.} 24. Ng3 {[%emt 0:04:25][%cal Oe4e5] [#]} Qc7 (24... Re6 $1 $17 25. e5 Nxe5 (25... Rxe5 26. Qd2 $17)) 25. Qd2 $15 Re6 26. Rd4 Nb6 (26... Bb3 $15 {keeps the upper hand.}) 27. Rd8+ $16 Kg7 {[%emt 0:00:03][%cal Oh7h6] [#]} 28. Qg5 (28. Nf5+ $1 $16 {is forced if you want to stay better.} gxf5 29. gxf5 (29. exf5 f6 $16)) 28... f6 $36 {[%emt 0:01:28][%mdl 2048] Keeping White busy.} 29. Nf5+ Kf7 30. Qh6 (30. Nh6+ $142 Ke7 31. Qxc5+ Kxd8 32. b4) 30... Qxd8 31. Qxh7+ (31. Qg7+ $2 Ke8 32. Ng3 Qe7 (32... Nbxa4 $2 33. Nxa4 Qd1+ 34. Kh2 $19) 33. Qg8+ Kd7 $19) 31... Ke8 32. Ng7+ Kd7 33. Nxe6+ Kxe6 34. Qxg6 Qd4 (34... Nbxa4 35. Nxa4 Nxa4 36. e5 $15) 35. g5 Nd3 ({Stronger than} 35... Nbxa4 36. Nxa4 Qd1+ (36... Nxa4 $2 {loses.} 37. Qe8+ Kd6 38. Qd8+ Kc5 39. Qxa5+ Bb5 40. Qa7+ Nb6 41. Qa3+ Qb4 42. Qe3+ Kd6 43. Qxb6 $16) 37. Kh2 Qd6+ 38. Kg1 Qd1+ 39. Kh2 Qd6+ 40. e5 Qxe5+ 41. Kg1 Qe1+ (41... Nxa4 42. Qg8+ Kd6 43. Qxc4 $11) 42. Kh2 Qe5+ (42... Nxa4 $2 43. Qe8+ Kd6 44. Qxe1 $18) 43. Kg1 Nxa4 44. Qg8+ Kd6 45. Qxc4 Nxb2 46. Qg8 Qxg5 (46... fxg5 47. Qb8+ Ke6 48. Qxb7 $11) 47. Qb8+ Kc5 48. Qxb7 Qc1+ 49. Bf1 $11) 36. Qe8+ Kd6 37. Qf8+ Kc7 38. Qxf6 Qxf6 39. gxf6 Nd7 40. h4 (40. Bf1 $142) 40... Nxf6 ({Much less strong is} 40... Nxb2 41. h5) 41. Bf3 {[%emt 0:00:31] Black is clearly winning.} Kd6 42. Nd1 Ke5 43. h5 Ne1 {[%emt 0:00:27] Weighted Error Value: White=0.49/Black=0.28 (precise) .  Loses game:     	White=1     	---        Mistake:       	White=3     	Black=2      Inaccurate:     	White=5     	Black=2      OK:         	White=7     	Black=7      Best:        	White=4     	Black=5} 0-1

[Event "SixDays Budapest IM-A 11-2024"]
[Site "Budapest"]
[Date "2024.11.22"]
[Round "1.3"]
[White "Kolimar, Kristof Pal"]
[Black "Wang, Hao(ZJ)"]
[Result "1/2-1/2"]
[ECO "A14"]
[WhiteElo "2286"]
[BlackElo "2095"]
[Annotator "RC"]
[PlyCount "108"]
[EventDate "2024.11.20"]
[EventType "tourn"]
[EventCountry "HUN"]
[SourceTitle "playchess.com"]
[Source "ChessBase"]
[SourceQuality "1"]
[TimeControl "5400+30"]

1. Nf3 Nf6 2. c4 e6 3. g3 d5 4. Bg2 Be7 5. O-O O-O 6. d4 dxc4 7. Qa4 Bd7 8. Qxc4 Bc6 9. Nc3 Nbd7 10. Rd1 Nb6 11. Qd3 Bb4 12. a3 Bxc3 13. Qxc3 h6 14. b3 Be4 15. a4 Nbd5 16. Qd2 Re8 17. Ba3 c6 18. Ne5 Bxg2 19. Kxg2 Nd7 20. Nc4 Qg5 21. e4 Qxd2 22. Rxd2 N5f6 23. Nd6 Reb8 24. Rc1 a5 25. f3 Ra6 26. Rdc2 Ne8 27. Nc4 Rd8 28. Be7 Rb8 29. g4 f6 30. f4 Kf7 31. Ba3 Nb6 32. Ne3 Rd8 33. Rd1 Raa8 34. Kf3 g6 35. Rcd2 Rac8 36. f5 Nc7 37. Bc5 Nca8 38. h4 Rg8 39. Rh2 Rcd8 40. fxe6+ Kxe6 41. h5 Nd7 42. Ba3 Kf7 43. hxg6+ Rxg6 44. Rdh1 Nc7 45. Nf5 Ne6 46. Nxh6+ Rxh6 47. Rxh6 Nxd4+ 48. Ke3 Nc2+ 49. Kd3 Nxa3 50. Kc3 b5 51. Kb2 b4 52. Rd1 Ke6 53. Rh7 c5 54. e5 fxe5 1/2-1/2

[Event "SixDays Budapest IM-A 11-2024"]
[Site "Budapest"]
[Date "2024.11.22"]
[Round "1.4"]
[White "Otsuka, Shou"]
[Black "Semprun Martinez, Fernando"]
[Result "1-0"]
[ECO "B12"]
[WhiteElo "2248"]
[BlackElo "2025"]
[Annotator "RC"]
[PlyCount "43"]
[EventDate "2024.11.20"]
[EventType "tourn"]
[EventCountry "HUN"]
[SourceTitle "playchess.com"]
[Source "ChessBase"]
[SourceQuality "1"]
[TimeControl "5400+30"]

1. e4 c6 2. d4 d5 3. e5 c5 4. dxc5 e6 5. a3 Bxc5 6. Qg4 Kf8 7. Nf3 h5 8. Qf4 Qb6 9. Bd3 Bxf2+ 10. Ke2 Bc5 11. Nc3 Qd8 12. Rf1 Nc6 13. b4 Be7 14. b5 Na5 15. Nh4 Nh6 16. Ng6+ Kg8 17. Nxh8 Kxh8 18. Qf3 Qc7 19. Qxh5 Qxc3 20. Bxh6 g6 21. Bg7+ Kxg7 22. Rxf7+ 1-0

[Event "SixDays Budapest IM-A 11-2024"]
[Site "Budapest"]
[Date "2024.11.22"]
[Round "1.5"]
[White "Mahitosh Dey"]
[Black "Horvath, David"]
[Result "1/2-1/2"]
[ECO "A05"]
[WhiteElo "2220"]
[BlackElo "2321"]
[Annotator "RC"]
[PlyCount "26"]
[EventDate "2024.11.20"]
[EventType "tourn"]
[EventCountry "HUN"]
[SourceTitle "playchess.com"]
[Source "ChessBase"]
[SourceQuality "1"]
[TimeControl "5400+30"]

1. Nf3 Nf6 2. c4 e6 3. e3 b6 4. b3 Bb7 5. Bb2 d5 6. Be2 Bd6 7. O-O O-O 8. d4 c5 9. cxd5 Nxd5 10. dxc5 Bxc5 11. Nbd2 Nd7 12. Bd3 N7f6 13. Qe2 a5 1/2-1/2

[Event "SixDays Budapest IM-A 11-2024"]
[Site "Budapest"]
[Date "2024.11.23"]
[Round "2.2"]
[White "Semprun Martinez, Fernando"]
[Black "Mahitosh Dey"]
[Result "1/2-1/2"]
[ECO "E71"]
[WhiteElo "2025"]
[BlackElo "2220"]
[Annotator "RC"]
[PlyCount "66"]
[EventDate "2024.11.20"]
[EventType "tourn"]
[EventCountry "HUN"]
[SourceTitle "playchess.com"]
[Source "ChessBase"]
[SourceQuality "1"]
[TimeControl "5400+30"]

1. d4 Nf6 2. c4 g6 3. Nc3 Bg7 4. e4 d6 5. h3 O-O 6. Be3 Nbd7 7. g4 c5 8. d5 Ne8 9. Qd2 a6 10. Bh6 e5 11. Nge2 b5 12. Ng3 bxc4 13. Bxc4 Rb8 14. Bxg7 Kxg7 15. h4 h6 16. g5 h5 17. Be2 Rh8 18. O-O-O c4 19. Bxc4 Nc5 20. f4 Qb6 21. f5 Bd7 22. Rh2 Qb4 23. Qe2 Nc7 24. Rf1 Nb5 25. Bxb5 Bxb5 26. Nxb5 Rxb5 27. fxg6 fxg6 28. Qf3 Rb7 29. Nxh5+ Rxh5 30. Qf8+ Kh7 31. Rf7+ Rxf7 32. Qxf7+ Kh8 33. Qf8+ Kh7 1/2-1/2

[Event "SixDays Budapest IM-A 11-2024"]
[Site "Budapest"]
[Date "2024.11.23"]
[Round "2.3"]
[White "Wang, Hao(ZJ)"]
[Black "Otsuka, Shou"]
[Result "1-0"]
[ECO "C78"]
[WhiteElo "2095"]
[BlackElo "2248"]
[Annotator "RC"]
[PlyCount "111"]
[EventDate "2024.11.20"]
[EventType "tourn"]
[EventCountry "HUN"]
[SourceTitle "playchess.com"]
[Source "ChessBase"]
[SourceQuality "1"]
[TimeControl "5400+30"]

1. e4 e5 2. Nf3 Nc6 3. Bb5 a6 4. Ba4 Nf6 5. O-O b5 6. Bb3 Bc5 7. a4 Rb8 8. axb5 axb5 9. Nxe5 Nxe5 10. d4 Bxd4 11. Qxd4 d6 12. f4 Nc6 13. Qc3 Ne7 14. Ra7 c5 15. e5 Nfd5 16. Bxd5 Nxd5 17. Qf3 Qb6 18. Rxf7 Kxf7 19. Qxd5+ Be6 20. Qd1 c4+ 21. Kh1 Bf5 22. Qd5+ Be6 23. Qd1 Bf5 24. Qh5+ g6 25. Qh4 Qd8 26. Qh6 Qf8 27. Qh4 Qd8 28. Qh6 d5 29. Nd2 Qf8 30. Qh4 Qe7 31. Qf2 d4 32. Qxd4 Rhd8 33. Qf2 Rd5 34. Nf3 Rbd8 35. Be3 Rd1 36. Nd4 Rxf1+ 37. Qxf1 Qb7 38. Qf2 Qe4 39. h3 b4 40. Kh2 Kg8 41. c3 bxc3 42. bxc3 Ra8 43. Nxf5 Qxf5 44. Qf3 Rd8 45. Qc6 Qc8 46. Qb6 Re8 47. g4 Re6 48. Qd4 Qc7 49. Kg3 Kf7 50. Qe4 Ke8 51. Bd4 Ra6 52. Qd5 Kf8 53. Bc5+ Kg7 54. e6 Rxe6 55. Qxe6 Qxc5 56. Qe5+ 1-0

[Event "SixDays Budapest IM-A 11-2024"]
[Site "Budapest"]
[Date "2024.11.23"]
[Round "2.4"]
[White "Krishna C R G"]
[Black "Kolimar, Kristof Pal"]
[Result "1-0"]
[ECO "A06"]
[WhiteElo "2448"]
[BlackElo "2286"]
[Annotator "RC"]
[PlyCount "67"]
[EventDate "2024.11.20"]
[EventType "tourn"]
[EventCountry "HUN"]
[SourceTitle "playchess.com"]
[Source "ChessBase"]
[SourceQuality "1"]
[TimeControl "5400+30"]

1. Nf3 d5 2. e3 c5 3. b3 a6 4. Bb2 Nc6 5. d4 cxd4 6. Nxd4 f6 7. Bd3 Nh6 8. O-O e5 9. Nxc6 bxc6 10. c4 Be6 11. Nc3 Bd6 12. cxd5 cxd5 13. Qh5+ Bf7 14. Qe2 Qa5 15. Rfd1 O-O 16. Nxd5 Bxd5 17. Bc4 Bxc4 18. Qxc4+ Nf7 19. Rxd6 Rfc8 20. Rc6 Rxc6 21. Qxc6 Rd8 22. h3 Qd2 23. Ba3 a5 24. Qc1 Qe2 25. Be7 Re8 26. Qc6 Rxe7 27. Qc8+ Nd8 28. Qxd8+ Kf7 29. Qxa5 Rd7 30. Qe1 Qc2 31. Qc1 Qf5 32. Qc4+ Kf8 33. a4 Rd2 34. Qb4+ 1-0

[Event "SixDays Budapest IM-A 11-2024"]
[Site "Budapest"]
[Date "2024.11.23"]
[Round "2.5"]
[White "Fodor, Balazs"]
[Black "Nemeth, Zalan"]
[Result "0-1"]
[ECO "D35"]
[WhiteElo "2206"]
[BlackElo "2268"]
[Annotator "RC"]
[PlyCount "78"]
[EventDate "2024.11.20"]
[EventType "tourn"]
[EventCountry "HUN"]
[SourceTitle "playchess.com"]
[Source "ChessBase"]
[SourceQuality "1"]
[TimeControl "5400+30"]

1. d4 d5 2. c4 e6 3. Nc3 Nf6 4. cxd5 exd5 5. Bg5 c6 6. e3 g6 7. Bd3 Bg7 8. Nge2 O-O 9. O-O h6 10. Bh4 Re8 11. Qc2 Nbd7 12. h3 Nf8 13. Rae1 b6 14. Bg3 Bb7 15. Be5 c5 16. Bb5 Re7 17. Nf4 c4 18. Qd1 a6 19. Ba4 b5 20. Bc2 Bc6 21. Bxf6 Bxf6 22. Qf3 Rd7 23. Rd1 Rb8 24. b3 b4 25. Nce2 Nh7 26. bxc4 Ng5 27. Qg3 dxc4 28. d5 Bb5 29. h4 Nh7 30. h5 g5 31. Qg4 Bg7 32. Nh3 Nf6 33. Qf5 Rxd5 34. Rxd5 Qxd5 35. Rb1 Bd7 36. Qxd5 Nxd5 37. Kf1 a5 38. Nhg1 a4 39. Nf3 b3 0-1

[Event "SixDays Budapest IM-A 11-2024"]
[Site "Budapest"]
[Date "2024.11.23"]
[Round "3.2"]
[White "Kolimar, Kristof Pal"]
[Black "Fodor, Balazs"]
[Result "1/2-1/2"]
[ECO "D02"]
[WhiteElo "2286"]
[BlackElo "2206"]
[Annotator "RC"]
[PlyCount "95"]
[EventDate "2024.11.20"]
[EventType "tourn"]
[EventCountry "HUN"]
[SourceTitle "playchess.com"]
[Source "ChessBase"]
[SourceQuality "1"]
[TimeControl "5400+30"]

1. d4 d5 2. Nf3 Nf6 3. c4 c6 4. Qb3 dxc4 5. Qxc4 Bf5 6. g3 e6 7. Bg2 Be7 8. O-O O-O 9. Nc3 Nbd7 10. Re1 Ne4 11. Bf4 Nxc3 12. bxc3 Be4 13. Qb3 Qb6 14. Bh3 Qxb3 15. axb3 Nf6 16. Ne5 h6 17. f3 Bh7 18. e4 Rfd8 19. Nc4 g5 20. Bc7 Rdc8 21. Bd6 Bxd6 22. Nxd6 Rc7 23. b4 a6 24. Ra5 Rd8 25. Nc4 Kg7 26. Kf2 Re7 27. Bg2 Ne8 28. f4 f6 29. h4 gxf4 30. gxf4 Nc7 31. Re3 Nb5 32. Ra1 Kh8 33. Bh3 Rg8 34. Rg1 Rxg1 35. Kxg1 Bg8 36. e5 f5 37. Na5 Bf7 38. Bg2 Be8 39. Rg3 Rc7 40. Kf2 Kh7 41. Ke1 Bh5 42. Bf1 Na7 43. Bc4 Bf7 44. Nb3 Nc8 45. Nc5 Re7 46. Bb3 Nb6 47. c4 Nd7 48. Nd3 1/2-1/2

[Event "SixDays Budapest IM-A 11-2024"]
[Site "Budapest"]
[Date "2024.11.23"]
[Round "3.3"]
[White "Otsuka, Shou"]
[Black "Krishna C R G"]
[Result "1-0"]
[ECO "C01"]
[WhiteElo "2248"]
[BlackElo "2448"]
[Annotator "TA"]
[PlyCount "91"]
[EventDate "2024.11.20"]
[EventType "tourn"]
[EventCountry "HUN"]
[SourceTitle "playchess.com"]
[Source "ChessBase"]
[SourceQuality "1"]
[TimeControl "5400+30"]

1. e4 e6 2. d4 d5 3. exd5 exd5 4. Nf3 Bd6 5. c4 Nf6 6. c5 Be7 7. Qa4+ {[%emt 0:00:12] C01: French: Exchange Variation.} c6 8. Bd3 O-O 9. Nc3 b6 10. cxb6 Qxb6 11. O-O Ba6 12. Bxa6 $146 ({Predecessor:} 12. Qc2 Bxd3 13. Qxd3 Na6 14. b3 Nb4 15. Qf5 g6 16. Qf4 Nd3 17. Qe3 Nxc1 18. Qxe7 Ne4 19. Raxc1 Qb4 20. Qxb4 {1-0 Saya,E (2195)-Clawitter,C (2050) Titled Tuesday intern op 15th Nov Early blitz 2022 (5)}) 12... Nxa6 13. Ne5 Rac8 14. Bg5 Nb8 15. Nd3 Nbd7 16. Rfe1 Rfe8 17. Re2 Bd6 18. Rae1 Rxe2 19. Rxe2 Qb8 20. g3 Nb6 21. Qa6 Nfd7 22. Bf4 Bxf4 23. Nxf4 g6 24. b3 Re8 25. a4 Rxe2 26. Ncxe2 Qc7 27. Qd3 Nc8 28. Qc2 Qb7 29. Nd3 Nd6 30. Kg2 Nf5 31. Qc3 h5 32. Ng1 (32. Nef4 $14 {might be stronger.}) 32... Nf6 33. Ne5 Ne7 34. Qa5 Kg7 35. Qd8 Nf5 36. Ngf3 Ne4 $1 (36... Qxb3 $2 37. Qc7 (37. Nxc6 $2 Qc2 $19) 37... Nh6 38. Ng5 $18 (38. Qxc6 Ne4 $17)) 37. Nd7 Qb4 $1 38. a5 Qa3 39. a6 Nh6 $2 {[%emt 0:04:28] [#]} (39... Qe7 $11 40. Qc7 h4 41. Qe5+ (41. Qxa7 h3+ 42. Kf1 Nc3 43. Nde5 Qxa7 44. Ke1 Qxa6 45. Kd2 Ne4+ 46. Kc1 Qa1+ 47. Kc2 Nxd4+ 48. Nxd4 Qa2+ 49. Kc1 Qd2+ 50. Kb1 Nc3+ 51. Ka1 Qc1#) 41... Qxe5 42. Ndxe5 hxg3) 40. Qb8 $1 $18 Ng4 $2 (40... Kh7 {is more resistant.}) 41. b4 $18 (41. Qxa7 Qb2 (41... Qxb3 $2 42. Qb8 $18) 42. Kh3 Ng5+ (42... Qxf2 43. Nde5 Nxe5 44. dxe5 Qxf3 45. Qe3 Nf2+ 46. Qxf2 Qxf2 47. b4 g5 48. g4 Qf3#) 43. Nxg5 Qxf2 44. Kh4 Qxh2+ 45. Nh3 Kh6 46. Nf8 g5#) 41... f6 42. Qf8+ (42. Qxa7 g5 $11) 42... Kh7 43. Qf7+ $2 (43. Nh4 Ne3+ 44. Kf3 (44. fxe3 Qb2+ 45. Kh1 Qc1+ 46. Kg2 Qd2+ 47. Kh1 Qe1+ 48. Kg2 Qf2+ 49. Kh3 Ng5#) 44... Ng4+ 45. Kg2 Ne3+ 46. Kf3 (46. fxe3 Qb2+ 47. Kh1 Qc1+ 48. Kg2 Qd2+ 49. Kh1 Qe1+ 50. Kg2 Qf2+ 51. Kh3 Ng5#) 46... Ng5+ 47. Ke2 Qxa6+ 48. Kxe3 Qa3+ 49. Ke2 Qa2+ 50. Kf1 Qb1+ 51. Kg2 Qe4+ 52. Kg1 (52. Kf1 Qh1+ 53. Ke2 Qe4+ 54. Kf1 Qh1+ 55. Ke2 Qe4+ 56. Kd2 Qxd4+ 57. Ke1 Qc3+ 58. Kf1 Qd3+ 59. Kg1 Qb1+ 60. Kg2 Qe4+ 61. Kf1 Qd3+ 62. Kg2 Qe4+ 63. Kg1 Nh3+ 64. Kf1 Qh1+ 65. Ke2 Qe4+ 66. Kf1 Qh1+ 67. Ke2 Qe4+ 68. Kf1 $11) 52... Nh3+ 53. Kf1 Qh1+ 54. Ke2 Qe4+ 55. Kd2 Qxd4+ 56. Kc2 Qe4+ 57. Kd2 Qd4+ 58. Kc2 Qc4+ 59. Kd2 Qd4+ $11) (43. Nxf6+ {mates} Ngxf6 44. Qf7+ (44. Ne5 Ng5 45. Qxf6 Qxb4 46. Qxg6+ Kh8 47. Qf6+ Kh7 48. h4 Qb8 49. Qg6+ Kh8) 44... Kh8 45. Ne5 (45. Qxa7 Qa2 $17) 45... Qf3+ 46. Nxf3 (46. Kxf3 Ng5+ 47. Kf4 Nxf7 $18) 46... Ng8 47. Ne5 (47. Qxa7 g5 48. Ne5 Nh6 49. Qc7 h4 50. a7 h3+ 51. Kg1 Nf6 52. a8=Q+ Ne8 53. Qxe8+ Ng8 54. Ng6#) 47... Ne7 48. Qxe7) 43... Kh6 $11 44. Qf8+ $2 (44. Nh4 $2 Ne3+ 45. Kf3 Ng5+ 46. Ke2 Nxf7 $19) (44. Qg8 $11 g5 45. Qh8+ (45. Nf8 Ne3+ 46. fxe3 Qb2+ 47. Kh1 Nf2+ 48. Kg2 Ng4+ 49. Kh3 Nf2+ 50. Kg2 Ng4+ 51. Kh3 Nf2+ 52. Kg2 $11) 45... Kg6 46. Qg8+ Kh6 47. Qh8+ (47. Nf8 Ne3+ 48. fxe3 Qa2+ 49. Kh1 Nf2+ 50. Kg1 Nh3+ 51. Kh1 Nf2+ 52. Kg1 Nh3+ 53. Kh1 Nf2+ $11) 47... Kg6 48. Qe8+ Kh6 49. Qf8+ Kg6 50. Qg8+ Kh6) 44... Kh7 45. Nxf6+ ({Weaker is} 45. Nh4 Ne3+ 46. Kf3 (46. fxe3 {leads to mate.} Qb2+ 47. Kh1 Qc1+ 48. Kg2 Qd2+ 49. Kh1 Qe1+ 50. Kg2 Qf2+ 51. Kh3 Ng5#) 46... Ng5+ 47. Ke2 Qb2+ 48. Kxe3 Qc3+ 49. Ke2 Qc4+ 50. Ke1 Qc1+ 51. Ke2 Qb2+ 52. Kf1 Qb1+ 53. Ke2 Qc2+ 54. Kf1 Qb1+ 55. Kg2 (55. Ke2 Qa2+ 56. Kf1 Qb1+ $11) 55... Qe4+ 56. Kf1 Qh1+ 57. Ke2 Qe4+ 58. Kd2 Qxd4+ 59. Ke2 Qe4+ 60. Kf1 Qh1+ 61. Ke2 Qe4+ 62. Kf1 Qb1+ 63. Kg2 (63. Ke2 Qc2+ 64. Kf1 Qb1+ 65. Kg2 Qe4+ 66. Kg1 Qb1+ 67. Kg2 Qe4+ 68. Kg1 Nh3+ 69. Kf1 Qh1+ 70. Ke2 Qe4+ 71. Kf1 Qh1+ 72. Ke2 Qe4+ 73. Kd2 Qd4+ 74. Kc2 Qc4+ 75. Kd2 Qa2+ 76. Ke3 Qb3+ 77. Kd2 Qa2+ 78. Kc1 Qc4+ 79. Kd2 Qa2+ $11) 63... Qe4+ 64. Kg1 (64. Kf1 Qh1+ 65. Ke2 Qe4+ $11) 64... Nh3+ 65. Kf1 Qh1+ 66. Ke2 Qe4+ 67. Kf1 (67. Kd2 Qd4+ 68. Ke1 Qa1+ 69. Kd2 Qb2+ 70. Ke3 Qc3+ 71. Ke2 Qc2+ 72. Ke3 Qc3+ 73. Ke2 Qb2+ 74. Ke1 Qc1+ 75. Ke2 Ng1+ 76. Kd3 Qf1+ 77. Kd2 Qe2+ 78. Kc3 Qc4+ 79. Kb2 Qd4+ 80. Kc2 Qc4+ 81. Kb2 Qe2+ 82. Kc1 Qc4+ 83. Kb2 $11) 67... Qh1+ 68. Ke2 Qe4+ 69. Kf1 $11 (69. Kd2 Qd4+ 70. Kc2 Qc4+ 71. Kd2 Qd4+ 72. Kc2 Qc4+ 73. Kd2 Qa2+ 74. Kc3 d4+ 75. Kxd4 Qd2+ 76. Kc4 Qc2+ 77. Kd4 Qd1+ 78. Kc3 Qc1+ 79. Kd3 Qd1+ 80. Kc3 Qe1+ 81. Kd4 Qxf2+ 82. Kd3 Qf1+ 83. Kd2 Qf2+ 84. Kd1 Qd4+ 85. Kc2 Qc4+ 86. Kd2 Qd4+ 87. Kc2 Qc4+ 88. Kd2 Qd4+ 89. Kc2 $11)) 45... Ngxf6 46. Ne5 1-0

[Event "SixDays Budapest IM-A 11-2024"]
[Site "Budapest"]
[Date "2024.11.23"]
[Round "3.4"]
[White "Mahitosh Dey"]
[Black "Wang, Hao(ZJ)"]
[Result "1-0"]
[ECO "B90"]
[WhiteElo "2220"]
[BlackElo "2095"]
[Annotator "RC"]
[PlyCount "61"]
[EventDate "2024.11.20"]
[EventType "tourn"]
[EventCountry "HUN"]
[SourceTitle "playchess.com"]
[Source "ChessBase"]
[SourceQuality "1"]
[TimeControl "5400+30"]

1. e4 c5 2. Nf3 d6 3. d4 cxd4 4. Nxd4 Nf6 5. Nc3 a6 6. Nb3 e5 7. Bg5 Be6 8. f4 Nbd7 9. f5 Bxb3 10. axb3 Be7 11. Bc4 O-O 12. Bxf6 Nxf6 13. O-O Rc8 14. Bd5 Qc7 15. Rf2 Qb8 16. Kh1 Bd8 17. g4 Nd7 18. Rg2 Bg5 19. h4 Bf4 20. g5 Kh8 21. Qh5 Qa7 22. Re1 Qd4 23. Qg4 Rxc3 24. bxc3 Qxc3 25. Rf1 Nc5 26. f6 g6 27. h5 a5 28. hxg6 fxg6 29. Qh4 Qe3 30. Qg4 b5 31. Qh4 1-0

[Event "SixDays Budapest IM-A 11-2024"]
[Site "Budapest"]
[Date "2024.11.23"]
[Round "3.5"]
[White "Horvath, David"]
[Black "Semprun Martinez, Fernando"]
[Result "1-0"]
[ECO "A04"]
[WhiteElo "2321"]
[BlackElo "2025"]
[Annotator "RC"]
[PlyCount "45"]
[EventDate "2024.11.20"]
[EventType "tourn"]
[EventCountry "HUN"]
[SourceTitle "playchess.com"]
[Source "ChessBase"]
[SourceQuality "1"]
[TimeControl "5400+30"]

1. Nf3 c5 2. c4 Nc6 3. d4 cxd4 4. Nxd4 g6 5. e4 Nf6 6. Nc3 d6 7. Be2 Nxd4 8. Qxd4 Bg7 9. Be3 O-O 10. Qd2 Qa5 11. f3 Be6 12. Rc1 Rfc8 13. b3 a6 14. Na4 Qxd2+ 15. Kxd2 Nd7 16. g4 f5 17. gxf5 gxf5 18. Rhg1 Kh8 19. Nc3 fxe4 20. fxe4 Nc5 21. Rxg7 Kxg7 22. Rg1+ Kf8 23. Bh5 1-0

[Event "SixDays Budapest IM-A 11-2024"]
[Site "Budapest"]
[Date "2024.11.24"]
[Round "4.1"]
[White "To, Nhat Minh"]
[Black "Semprun Martinez, Fernando"]
[Result "1-0"]
[ECO "C83"]
[WhiteElo "2314"]
[BlackElo "2025"]
[Annotator "RC"]
[PlyCount "45"]
[EventDate "2024.11.20"]
[EventType "tourn"]
[EventCountry "HUN"]
[SourceTitle "playchess.com"]
[Source "ChessBase"]
[SourceQuality "1"]
[TimeControl "5400+30"]

1. e4 e5 2. Nf3 Nc6 3. Bb5 a6 4. Ba4 Nf6 5. O-O Nxe4 6. d4 b5 7. Bb3 d5 8. dxe5 Be6 9. c3 Be7 10. Be3 O-O 11. Nbd2 Bg4 12. h3 Nxd2 13. hxg4 Nxf1 14. Kxf1 Qd7 15. Qxd5 Rad8 16. Qxd7 Rxd7 17. e6 Rdd8 18. exf7+ Rxf7 19. a4 b4 20. cxb4 Nxb4 21. Ne5 Nd5 22. Nxf7 Kxf7 23. Rc1 1-0

[Event "SixDays Budapest IM-A 11-2024"]
[Site "Budapest"]
[Date "2024.11.24"]
[Round "4.2"]
[White "Wang, Hao"]
[Black "Horvath, David"]
[Result "1/2-1/2"]
[ECO "C11"]
[WhiteElo "2703"]
[BlackElo "2321"]
[Annotator "TA"]
[PlyCount "30"]
[EventDate "2024.11.20"]
[EventType "tourn"]
[EventCountry "HUN"]
[SourceTitle "playchess.com"]
[Source "ChessBase"]
[SourceQuality "1"]
[TimeControl "5400+30"]

1. e4 e6 2. d4 d5 3. Nc3 Nf6 4. e5 Nfd7 5. f4 c5 6. Nf3 Nc6 7. Be3 Be7 8. Qd2 a6 {[%emt 0:00:10] The position is equal.} 9. a3 O-O 10. Be2 b5 11. dxc5 Nxc5 12. b4 Ne4 13. Nxe4 dxe4 14. Qxd8 Rxd8 15. Nd2 Bb7 {[%emt 0:01:08] Not much happened in this game.   Weighted Error Value: White=0.04 (flawless) /Black=0.01 (flawless) .  OK:         	White=3     	Black=3} 1/2-1/2

[Event "SixDays Budapest IM-A 11-2024"]
[Site "Budapest"]
[Date "2024.11.24"]
[Round "4.3"]
[White "Krishna C R G"]
[Black "Mahitosh Dey"]
[Result "1-0"]
[ECO "A14"]
[WhiteElo "2448"]
[BlackElo "2220"]
[Annotator "TA"]
[PlyCount "65"]
[EventDate "2024.11.20"]
[EventType "tourn"]
[EventCountry "HUN"]
[SourceTitle "playchess.com"]
[Source "ChessBase"]
[SourceQuality "1"]
[TimeControl "5400+30"]

1. Nf3 d5 2. c4 e6 3. g3 Nf6 4. Bg2 Be7 5. O-O O-O 6. b3 d4 7. Bb2 c5 8. e3 Nc6 9. exd4 cxd4 10. d3 Qd7 (10... e5 $15) 11. a3 a5 $1 12. Re1 Rd8 {[%emt 0:08:59] The position is equal.} 13. Nbd2 Ra7 14. Ne5 Nxe5 15. Rxe5 Qc7 16. Nf3 Bc5 {[%emt 0:00:19] [#]} ({Black should play} 16... b6 $14) 17. b4 $1 $16 axb4 18. axb4 Rxa1 19. Qxa1 Bxb4 20. Bxd4 {[%emt 0:00:06] Rg5 is the strong threat.} Be7 (20... Bf8 $142) 21. Rb5 Re8 22. Ne5 Nd7 (22... Bd6 $16 23. Qb2 h6 24. Bxb7 Nd7) 23. Nxd7 $18 Qxd7 24. Bxg7 Qxd3 {[%emt 0:00:04] [#]} 25. Bh8 $1 $40 {[%emt 0:05:40][%mdl 128] White goes for the king.} ({Don't play} 25. Bxb7 Bxb7 26. Rxb7 Bc5) 25... Qg6 {[%emt 0:05:05] [#] Against Qg7+} 26. Be4 $1 f5 27. Bxb7 Bd7 28. Ra5 {[%emt 0:00:32] Threatens to win with c5.} Kf7 $2 (28... Bb4 {is a better defense.}) 29. Be5 {[%emt 0:00:29] White is clearly winning.} Bf6 (29... Qg4 $142 30. Qc3 Rc8) 30. c5 {[%emt 0:03:29][%cal Bc4c5,Bc5c6][%mdl 32] And now c6 would win.} Bxe5 31. Qxe5 {[%emt 0:00:02] aiming for c6.} Qf6 32. Qxf6+ Kxf6 33. c6 {[%emt 0:00:01] Weighted Error Value: White=0.17 (very precise) /Black=0.46.  Mistake:       	---       	Black=5      Inaccurate:     	White=2     	---        OK:         	White=7     	Black=5      Best:        	White=5     	Black=3      Strong:       	---       	Black=1      Brilliant:      	White=1     	---} 1-0

[Event "SixDays Budapest IM-A 11-2024"]
[Site "Budapest"]
[Date "2024.11.24"]
[Round "4.4"]
[White "Fodor, Balazs"]
[Black "Otsuka, Shou"]
[Result "0-1"]
[ECO "E20"]
[WhiteElo "2206"]
[BlackElo "2248"]
[Annotator "RC"]
[PlyCount "58"]
[EventDate "2024.11.20"]
[EventType "tourn"]
[EventCountry "HUN"]
[SourceTitle "playchess.com"]
[Source "ChessBase"]
[SourceQuality "1"]
[TimeControl "5400+30"]

1. d4 Nf6 2. c4 e6 3. Nc3 Bb4 4. f3 c5 5. d5 b5 6. e4 Bb7 7. a3 Bxc3+ 8. bxc3 bxc4 9. Rb1 Ba6 10. g4 O-O 11. Ne2 Ne8 12. h4 d6 13. Bf4 Nd7 14. Bg5 Ndf6 15. Qa4 Nc7 16. dxe6 fxe6 17. Bg2 Qe8 18. Qc2 Nd7 19. Rd1 Ne5 20. O-O Nd3 21. Be3 Rb8 22. Rb1 Rxb1 23. Rxb1 d5 24. Ng3 Qd7 25. Ne2 e5 26. Rf1 d4 27. Bd2 Rb8 28. g5 Rb2 29. Qd1 Bb5 0-1